 Dungeon Crawl Stone Soup version 0.24-a0-317-g5cb8de4b22 (webtiles) character file.

Game seed: 10211017109683485427

36 FluffierThanThou the Firebug (level 3, 0/26 HPs)
             Began as a Hill Orc Fire Elementalist on May 16, 2019.
             Slain by an adder (3 damage)
             ... on level 2 of the Dungeon.
             The game lasted 00:06:39 (1620 turns).

FluffierThanThou the Firebug (HOFE)                 Turns: 1620, Time: 00:06:39

Health: 0/26       AC:  2    Str: 10    XL:     3   Next: 37%
Magic:  0/6        EV: 12    Int: 16    God:
Gold:   76         SH:  0    Dex: 11    Spells: 2/6 levels left

rFire    . . .     SeeInvis .   j - +0 club
rCold    . . .     Gourm    .   (no shield)
rNeg     . . .     Faith    .   a - +0 robe
rPois    .         Spirit   .   (no helmet)
rElec    .         Reflect  .   (no cloak)
rCorr    .         Harm     .   (no gloves)
MR       .....                  (no boots)
Stlth    ++........             (no amulet)
HPRegen  0.08/turn              e - ring of wizardry
MPRegen  0.10/turn              (no ring)

@: lethally poisoned (0 -> -9)
A: no striking features
a: no special abilities


You were on level 2 of the Dungeon.
You were not hungry.

You visited 1 branch of the dungeon, and saw 2 of its levels.

You collected 76 gold pieces.

Inventory:

Hand Weapons
 j - a +0 club (weapon)
Missiles
 l - 4 javelins (quivered)
Armour
 a - a +0 robe (worn)
Jewellery
 e - a ring of wizardry (left hand)
 k - an uncursed ring of magical power {unknown}
Scrolls
 f - 3 scrolls of teleportation {unknown}
 g - a scroll of remove curse {unknown}
 h - a scroll of identify {unknown}
Potions
 b - 3 potions of curing {unknown}
 d - a potion of degeneration {unknown}
 i - 2 potions of heal wounds {unknown}
Comestibles
 c - 2 rations


   Skills:
 * Level 2.1 Dodging
 - Level 1.5 Stealth
 * Level 2.1 Spellcasting
 + Level 1.1 Conjurations
 + Level 3.7 Fire Magic


You had 2 spell levels left.
You knew the following spells:

 Your Spells              Type           Power        Failure   Level  Hunger
a - Flame Tongue          Conj/Fire      #....        3%          1    #......
b - Conjure Flame         Conj/Fire      #.......     9%          3    ###....

Your spell library contained the following spells:

 Spells                   Type           Power        Failure   Level  Hunger
 Throw Flame              Conj/Fire      #.....       4%          2    ###....
 Inner Flame              Hex/Fire       #.......     12%         3    ###....
 Sticky Flame             Conj/Fire      #.......     28%         4    #####..
 Fireball                 Conj/Fire      #.........   58%         5    ######.


Dungeon Overview and Level Annotations

Branches:
Dungeon (2/15)

Altars:


Message History

You barely miss the adder.
The adder is moderately wounded.
The adder bites you.
You are more poisoned.
The adder poisons you! The adder bites you.
You miss the adder.
The adder is moderately wounded.
You feel sick. The adder bites you.
* * * LOW HITPOINT WARNING * * *
You are more poisoned.
The adder poisons you! The adder closely misses you.
You hit the adder.
The adder is moderately wounded.
* * * LOW HITPOINT WARNING * * *
You feel sick. The adder misses you.
You barely miss the adder.
The adder is moderately wounded.
* * * LOW HITPOINT WARNING * * *
You feel sick. The adder bites you.
You die...

###.# ...# ....# #....#..
#..### #....##.##### ###...
............### .....##
#...######....#####
#...######....# ###.........
###.#........##.# #....#####..
#...##....##.##.###.#...>.....
#.#.....#....@S.....<.#####>..
## #÷...#######.##.....#.#
.###...#######..###..#...#
(......................###
..##...#######.#.÷.#.###
......## ##...###.# .....##
###..### #.. ....#######....#
##.. ..#...#.......## #.


You could see an adder.

Vanquished Creatures
  An adder (D:2)
  An ooze (D:1)
  A dart slug (D:1)
  A leopard gecko (D:2)
  2 giant cockroaches
  A goblin (D:1)
  4 hobgoblins
  A quokka (D:2)
  2 bats (D:1)
  A frilled lizard (D:1)
  A kobold (D:2)
  4 rats
20 creatures vanquished.

Notes
Turn   | Place    | Note
-------+----------+-------------------------------------------
     0 | D:1      | FluffierThanThou the Hill Orc Fire Elementalist began the
                  | quest for the Orb.
     0 | D:1      | Reached XP level 1. HP: 14/14 MP: 3/3
   681 | D:1      | Reached XP level 2. HP: 20/20 MP: 1/4
  1547 | D:2      | Reached XP level 3. HP: 24/26 MP: 2/6
  1586 | D:2      | Learned a level 3 spell: Conjure Flame
  1620 | D:2      | Slain by an adder

Levels and vault maps discovered:
D:1:      zaba_arrival_water, layout_loops_corners
D:2:      layout_rooms, ashenzari_conservatory_becter, makhleb_heckhound_becter,
          kennysheep_generic_room_5, uniq_crazy_yiuf_cottage

Skill      XL: |  1  2 |
---------------+-------+-----
Dodging        | 2 |  2.1
Spellcasting   | 2 |  2.1
Stealth        | |  1.5
Conjurations   | |  1.1
Fire Magic     | |  3.7

Action                   || total
-------------------------++-------
Melee: Unarmed           ||    15
       Club              ||    29
Throw: Javelin           ||     4
 Cast: Flame Tongue      ||    44
  Eat: Chunk             ||     3
Armor: Robe              ||    18
Dodge: Dodged            ||    56

Table legend:
 A = Non-vault XP
 B = Vault XP
 C = Vault XP percentage of total XP
 D = Non-vault monster count
 E = Vault monster count
 F = Vault count percentage of total count
                 A         B        C        D         E       F
            +---------+---------+-------+---------+---------+-------
      Total |      52 |       0 |   0.0 |      20 |       0 |   0.0
            +---------+---------+-------+---------+---------+-------
        D:1 |      23 |       0 |   0.0 |      11 |       0 |   0.0
        D:2 |      29 |       0 |   0.0 |       9 |       0 |   0.0
            +---------+---------+-------+---------+---------+-------
